 Dungeon Crawl Stone Soup version 0.26.1-11-gd32895ea62 (webtiles) character file.

Game seed: 11658322684585086251

12294 dtburroughs the Protected (level 11, -3/101 HPs)
             Began as a Minotaur Berserker on June 12, 2021.
             Was a High Priest of Trog.
             Slain by an unseen horror (8 damage)
             ... on level 11 of the Dungeon.
             The game lasted 00:27:44 (13420 turns).

dtburroughs the Protected (Minotaur Berserker)     Turns: 13420, Time: 00:27:44

Health: -3/101     AC: 19    Str: 21    XL:     11   Next: 60%
Magic:  0/3        EV:  9    Int:  7    God:    Trog [*****.]
Gold:   774        SH: 11    Dex: 11    Spells: 10/10 levels left

rFire    . . .     SeeInvis .   S - +1 hand axe (antimagic)
rCold    . . .     Faith    .   y - +0 kite shield
rNeg     . . .     Spirit   +   H - +0 plate armour
rPois    +         Reflect  .   (helmet restricted)
rElec    .         Harm     +   l - scarf {harm}
rCorr    .         Rampage  .   u - +0 pair of gloves
Will     +++..                  B - +0 pair of boots
Stlth    ..........             p - amulet of guardian spirit
HPRegen  1.26/turn              e - ring of poison resistance
MPRegen  0.08/turn              K - ring of willpower

@: regenerating, studying Armour
A: retaliatory headbutt, horns 2, talons 1, no potion heal 1
a: Renounce Religion, Berserk, Trog's Hand, Brothers in Arms


You were on level 11 of the Dungeon.
You worshipped Trog.
Trog was extremely pleased with you.
You visited 1 branch of the dungeon, and saw 11 of its levels.

You collected 774 gold pieces.

Inventory:

Hand Weapons
 a - a +1 war axe of draining
 f - a +3 dire flail
 v - a +0 vampiric whip
 x - a +2 vorpal flail
 F - a +0 war axe
 Q - a +0 battleaxe
 S - a +1 antimagic hand axe (weapon)
Armour
 l - a scarf of harm (worn)
 u - a +0 pair of gloves (worn)
 y - a +0 kite shield (worn)
 B - a +0 pair of boots (worn)
 H - a +0 plate armour (worn)
Jewellery
 c - an uncursed ring of fire
 e - a ring of poison resistance (left hand)
 p - an amulet of guardian spirit (around neck)
 K - a ring of willpower (right hand)
Wands
 E - a wand of paralysis (8)
 N - a wand of iceblast (11)
 O - a wand of acid (3)
Scrolls
 g - 3 scrolls of enchant weapon {unknown}
 k - 19 scrolls of identify
 m - 4 scrolls of noise {unknown}
 n - a scroll of magic mapping {unknown}
 o - 2 scrolls of immolation {unknown}
 q - 4 scrolls of remove curse
 r - a scroll of random uselessness {unknown}
 t - 3 scrolls of blinking {unknown}
 w - 4 scrolls of amnesia {unknown}
 C - 2 scrolls of fear {unknown}
 J - 2 scrolls of teleportation {unknown}
 L - a scroll of enchant armour {unknown}
 R - a scroll of acquirement {unknown}
Potions
 b - 2 potions of brilliance {unknown}
 d - 3 potions of degeneration
 h - 4 potions of curing {unknown}
 i - 4 potions of flight {unknown}
 j - 2 potions of mutation
 s - 2 potions of lignification {unknown}
 z - a potion of invisibility {unknown}
 A - 2 potions of ambrosia {unknown}
 G - 2 potions of attraction {unknown}
 I - a potion of haste
 M - a potion of experience {unknown}
 P - a potion of berserk rage {unknown}
 T - a potion of magic {unknown}
Books
 D - a manual of Armour


   Skills:
 + Level 10.4 Fighting
 + Level 10.4 Axes
 + Level 13.0 Armour
 + Level 9.3 Dodging
 + Level 8.8 Shields
 + Level 4.5 Evocations


You had 10 spell levels left.
You didn't know any spells.
Your spell library was empty.

Dungeon Overview and Level Annotations

Branches:
Dungeon (11/15)            Temple (0/1) D:5            Lair (0/6) D:10
    Orc (0/2) D:9

Altars:
Dithmenos
Fedhas
Gozag
Kikubaaqudgha
Makhleb
Nemelex Xobeh
Okawaru
Qazlal
Sif Muna
Trog
Uskayaw
Yredelemnul
Zin
The Shining One

Annotations:
D:3 1 runed translucent door, Crazy Yiuf
D:7 2 transporters, vvl's ghost, novice TrEE
D:10 2 transporters, vvl's ghost, journeyman HuBe


Innate Abilities, Weirdness & Mutations

You reflexively headbutt those who attack you in melee.
You have a pair of horns on your head.
You have sharp toenails.
Potions are less effective at restoring your health.


Message History

* * * LOW HITPOINT WARNING * * *
Your ogre rages.
You block something's attack.
Your ogre rages.
Something hits you.
* * * LOW HITPOINT WARNING * * *
Your ogre rages.
Your system partially rejects the healing.
You feel much better. You block something's attack. x2
You barely miss something. Something hits you.
* * * LOW HITPOINT WARNING * * *
Something hits you but does no damage. Something hits you but does no damage.
Your ogre rages.
Something hits you.
* * * LOW HITPOINT WARNING * * *
You slash something! Something hits you!
* * * LOW HITPOINT WARNING * * *
Something hits you but does no damage. Something hits you!
You die...

...##.............>..
...#.................
.......#.............
.....######.#...#.##
......# #.#...#.#
..###.# #.#††.#.# ..#
.# #.#...#.# ... #
#.#...#O# ##.
#.....@.# #####.#####
## #.........# .
...#.#.#..##.#.#
..........##.#.##
...#.#...........
.##.#.#..##.#.#
............#
.######.#####


You could see a friendly ogre (summoned, berserk).

Vanquished Creatures
  A hydra (D:8)
  2 two-headed ogres
  An unseen horror (D:11)
  Pikel (D:7)
  A cyclops (D:11)
  A gargoyle (D:11)
  Psyche (D:9)
  Maggie (D:7)
  A troll (D:10)
  Prince Ribbit (D:6)
  A hornet (D:11)
  2 wyverns
  2 shadows
  5 humans (D:6)
  6 yaks
  A water moccasin (D:11)
  Duvessa (D:7)
  An eye of draining (D:8)
  An orc warrior (D:10)
  3 black bears
  3 phantoms
  4 ice beasts
  6 ogres
  3 centaurs
  Blork the orc (D:5)
  A gnoll sergeant (D:6)
  8 bullfrogs
  Dowan (D:7)
  A scorpion (D:7)
  A troll zombie (D:9)
  16 wights
  2 howler monkeys (D:8)
  4 centaur zombies
  2 bullfrog zombies
  A jelly (D:8)
  A quasit (D:10)
  4 hounds
  6 orc priests
  8 orc wizards
  2 bullfrog skeletons
  A centaur skeleton (D:11)
  Natasha (thrice) (D:3)
  4 iguanas
  2 worker ants
  Terence (D:2)
  A killer bee zombie (D:7)
  5 ogre zombies (D:9)
  A hound zombie (D:9)
  A howler monkey zombie (D:8)
  A worker ant zombie (D:5)
  4 gnolls (D:6)
  13 adders
  2 white imps
  4 ufetubi
  2 oozes
  4 adder skeletons
  3 worms
  5 dart slugs
  6 leopard geckos
  40 orcs
  11 bats
  4 giant cockroaches
  6 goblins
  6 hobgoblins
  6 jackals
  4 quokkas
  2 ball pythons
  3 frilled lizards
  A goblin skeleton (D:9)
  3 goblin zombies (D:9)
  A hobgoblin skeleton (D:9)
  A hobgoblin zombie (D:9)
  A jackal skeleton (D:7)
  A jackal zombie (D:5)
  5 kobolds
  A leopard gecko zombie (D:5)
  3 orc skeletons (D:9)
  10 orc zombies (D:9)
  A quokka skeleton (D:5)
  A quokka zombie (D:5)
  13 rats
296 creatures vanquished.

Vanquished Creatures (collateral kills)
  An ogre (D:8)
  A jelly (D:8)
2 creatures vanquished.

Vanquished Creatures (others)
  A fungus (D:10)
1 creature vanquished.

Grand Total: 299 creatures vanquished

Notes
Turn   | Place    | Note
-------+----------+-------------------------------------------
     0 | D:1      | dtburroughs the Minotaur Berserker began the quest for the
                  | Orb.
     0 | D:1      | Reached XP level 1. HP: 19/19 MP: 0/0
   137 | D:1      | Reached XP level 2. HP: 27/27 MP: 1/1
   527 | D:1      | Reached skill level 3 in Armour
   548 | D:1      | Reached XP level 3. HP: 32/33 MP: 2/2
   628 | D:1      | Reached ** piety under Trog
   819 | D:2      | Noticed Terence
   838 | D:2      | Killed Terence
  1091 | D:2      | Reached XP level 4. HP: 41/41 MP: 3/3
  1699 | D:3      | Found a runed translucent door.
  1700 | D:3      | Noticed Crazy Yiuf
  1910 | D:3      | Reached XP level 5. HP: 47/47 MP: 4/4
  1916 | D:3      | Reached *** piety under Trog
  2038 | D:3      | Noticed Natasha
  2049 | D:3      | Killed Natasha
  2050 | D:3      | Reached skill level 4 in Armour
  2143 | D:3      | Noticed Natasha
  2146 | D:3      | Reached skill level 5 in Fighting
  2149 | D:3      | Killed Natasha
  2150 | D:3      | Reached skill level 5 in Axes
  2182 | D:3      | Found a burning altar of Makhleb.
  2406 | D:3      | Noticed Natasha
  2411 | D:3      | Killed Natasha
  2412 | D:3      | Reached XP level 6. HP: 53/56 MP: 5/5
  3215 | D:4      | Reached XP level 7. HP: 24/62 MP: 6/6
  3525 | D:5      | Entered Level 5 of the Dungeon
  3532 | D:5      | Noticed Blork the orc
  3550 | D:5      | Killed Blork the orc
  3551 | D:5      | Reached skill level 5 in Armour
  3665 | D:5      | Reached skill level 1 in Shields
  4387 | D:5      | Found a basalt altar of Yredelemnul.
  4389 | D:5      | Found a shimmering blue altar of Sif Muna.
  4392 | D:5      | Found a blossoming altar of Fedhas.
  4496 | D:5      | Reached skill level 5 in Dodging
  4670 | D:5      | Found a staircase to the Ecumenical Temple.
  4711 | D:6      | Noticed a human
  4711 | D:6      | Noticed a human
  4715 | D:6      | Noticed a human
  4722 | D:6      | Killed a human
  4723 | D:6      | Reached skill level 6 in Armour
  4727 | D:6      | Killed a human
  4728 | D:6      | Reached XP level 8. HP: 53/71 MP: 7/7
  4747 | D:6      | Reached skill level 7 in Armour
  4799 | D:6      | Reached **** piety under Trog
  5242 | D:6      | Noticed Prince Ribbit
  5258 | D:6      | Killed Prince Ribbit
  5259 | D:6      | Reached skill level 8 in Armour
  5398 | D:6      | Found an opulent altar of Gozag.
  5398 | D:6      | Found a sparkling altar of Nemelex Xobeh.
  5594 | D:6      | Reached XP level 9. HP: 79/79 MP: 8/8
  6138 | D:7      | Found a transporter.
  6167 | D:7      | Noticed vvl's ghost (novice TrEE)
  6250 | D:7      | Noticed Duvessa
  6250 | D:7      | Noticed Dowan
  6250 | D:7      | Noticed Pikel
  6265 | D:7      | Killed Pikel
  6266 | D:7      | Reached skill level 9 in Armour
  6266 | D:7      | Reached skill level 5 in Shields
  6270 | D:7      | Noticed Maggie
  6273 | D:7      | Killed Duvessa
  6284 | D:7      | Killed Dowan
  6299 | D:7      | Killed Maggie
  6767 | D:7      | Found a transporter.
  6952 | D:7      | Reached skill level 10 in Armour
  7601 | D:8      | Found an ancient bone altar of Kikubaaqudgha.
  7686 | D:8      | Noticed a two-headed ogre
  7705 | D:8      | Gained mutation: Potions are less effective at restoring
                  | your health. [potion of mutation]
  7705 | D:8      | Gained mutation: You have sharp toenails. [potion of
                  | mutation]
  7708 | D:8      | Killed a two-headed ogre
  7709 | D:8      | Reached skill level 1 in Evocations
  7709 | D:8      | Reached XP level 10. HP: 29/90 MP: 2/9
  8118 | D:8      | Noticed a four-headed hydra
  8124 | D:8      | Killed a four-headed hydra
  8125 | D:8      | Reached skill level 11 in Armour
  8466 | D:8      | Found an iron altar of Okawaru.
  8468 | D:8      | Found a glowing golden altar of the Shining One.
  8468 | D:8      | Found a stormy altar of Qazlal.
  8495 | D:8      | Found a shadowy altar of Dithmenos.
  8633 | D:8      | Found a hide-covered altar of Uskayaw.
  8769 | D:8      | Found a glowing silver altar of Zin.
  8975 | D:9      | Found a staircase to the Orcish Mines.
  9579 | D:9      | Noticed Psyche
  9587 | D:9      | Killed Psyche
  9924 | D:9      | Reached ***** piety under Trog
  9925 | D:9      | Reached skill level 12 in Armour
  9933 | D:9      | Reached XP level 11. HP: 87/99 MP: 8/10
 10135 | D:9      | Found a bloodstained altar of Trog.
 10473 | D:10     | Entered Level 10 of the Dungeon
 11092 | D:10     | Found a staircase to the Lair.
 11115 | D:10     | Reached skill level 10 in Fighting
 11118 | D:10     | Reached skill level 10 in Axes
 11207 | D:10     | Found a transporter.
 11215 | D:10     | Noticed vvl's ghost (journeyman HuBe)
 11439 | D:10     | Found a transporter.
 11442 | D:10     | Noticed a two-headed ogre
 11464 | D:10     | Killed a two-headed ogre
 12860 | D:11     | Received a gift from Trog
 13222 | D:11     | Killed an unseen horror
 13223 | D:11     | Reached skill level 13 in Armour
 13419 | D:11     | HP: 3/101 [something (8)]
 13420 | D:11     | Slain by an unseen horror

Illustrated notes

Levels and vault maps discovered:
D:1:      heliophobic_arrival_henge, layout_basic, nrook_mini_vaults
D:2:      layout_basic, uniq_terence
D:3:      layout_rooms, bloody_makhleb, uniq_natasha, uniq_crazy_yiuf_cottage
D:4:      layout_cave_pools, minmay_manual_mares
D:5:      minmay_diamond_boxcup, layout_rooms, grunt_temple_overflow_diamond,
          minmay_temple_entry_fiery, uniq_blork_the_orc
D:6:      layout_basic, grunt_temple_overflow_opulence, serial_park_tiny_2,
          minmay_ruffians, uniq_prince_ribbit1
D:7:      layout_loops_corners, gammafunk_ghost_hive, grunt_ministairs_1,
          uniq_duvessa, uniq_pikel, uniq_maggie
D:8:      layout_cave_pools, lemuel_coloured_pillars_altar, minitemple,
          nicolae_overflow_crystal_walls, lemuel_tele_altar
D:9:      layout_small_grid, overflow_temple_1_default, zombieorc1_lemuel,
          uniq_psyche
D:10:     layout_loops_ring, david_lair_generic, nzn_ghost_randoct,
          water_maze_lemuel
D:11:     layout_loops_cross, nicolae_wwwww

Skill      XL: |  1  2  3  4  5  6  7  8  9 10 11 |
---------------+----------------------------------+-----
Fighting       | 4 5 6 7 8 9 10 | 10.4
Axes           | 4 5 6 7 8 9 10 | 10.4
Armour         | 3 4 6 8 10 12 13 | 13.0
Dodging        | 3 4 5 6 7 8 9 |  9.3
Shields        | 2 4 6 7 8 |  8.8
Evocations     | 1 3 4 |  4.5

Action                   |  1- 3 |  4- 6 |  7- 9 | 10-12 || total
-------------------------+-------+-------+-------+-------++-------
Melee: Hand axe          |    58 |   128 |    32 |    60 ||   278
       Headbutt          |    15 |    28 |    55 |    92 ||   190
       War axe           |       |       |   285 |   305 ||   590
       Flail             |       |       |       |    28 ||    28
Invok: Trog's Hand       |       |     1 |     3 |     2 ||     6
       Brothers in Arms  |       |       |     2 |     1 ||     3
Evoke: Wand              |       |       |       |     1 ||     1
  Use: Scroll            |       |       |     2 |       ||     2
       Potion            |       |       |     3 |     1 ||     4
 Stab: Paralysed         |       |       |       |     2 ||     2
Armor: Ring mail         |    19 |    39 |    16 |       ||    74
       Plate armour      |       |       |   130 |   228 ||   358
Dodge: Dodged            |    39 |    66 |    91 |   109 ||   305
Block: Kite shield       |       |    22 |   163 |   194 ||   379
